Map: Ultralove

Players

Sindyr

  • Race: Zerg Zerg
  • League: Master
  • Spawn Location: 1:00

Ahmatsila - Winner!

  • Race: Protoss Protoss
  • League: Master
  • Spawn Location: 7:00

VOD

Have the link to the VOD?

Description

Time

  • Played on: Oct. 13, 2025, 10:17 a.m.
  • Length: 5:53
Show
View Real Time Build Order
Export as new Build Order

Sindyr Zerg 

Build Orders: Pool First 

Get SALT Encoding   

  12  0:04  Drone  
  13  0:14  Drone  
  14  0:27  Overlord  
  14  0:28  Overlord  
  14  1:07  Drone  
  14  1:08  Spawning Pool, Drone  
  14  1:09  Hatchery  
  14  1:13  Drone  
  15  1:19  Drone  
  16  1:29  Drone  
  16  1:31  Extractor  
  16  1:40  Drone  
  17  1:51  Drone  
  18  1:58  Queen  
  20  2:13  Drone x2  
  22  2:22  Queen  
  24  2:29  Drone x2  
  26  2:33  Extractor  
  25  2:42  Queen  
  27  2:44  Drone  
  27  2:45  Drone x3  
  31  2:53  Overlord  
  31  3:07  Drone x2  
  31  3:08  Drone x2  
  35  3:30  Lair  
  33  4:01  Spine Crawler  
  33  4:02  Spine Crawler x2  
  30  4:05  Spine Crawler  
  29  4:13  Drone x9  
  38  4:23  Metabolic Boost  
  38  4:28  Zergling x12  
  36  4:59  Queen  
  38  5:00  Drone  
  38  5:01  Drone x5  
  44  5:25  Hatchery  
Show
View Real Time Build Order
Export as new Build Order

Ahmatsila Protoss - Winner!

Build Orders: 1 Gate Expand 

Get SALT Encoding   

  12  0:00  Probe  
  13  0:18  Pylon  
  13  0:22  Probe  
  14  0:34  Probe  
  15  0:38  Gateway  
  15  1:26  Nexus  
  15  1:27  Cybernetics Core  
  15  1:31  Assimilator, Probe  
  16  1:45  Pylon  
  16  1:52  Forge  
  16  1:56  Probe  
  17  2:04  Probe  
  18  2:12  Probe  
  19  2:27  Photon Cannon  
  19  2:28  Probe  
  19  2:31  Warp Gate  
  19  2:36  Probe  
  21  2:46  Probe  
  22  2:54  Photon Cannon  
  22  2:56  Pylon  
  22  3:01  Probe  
  22  3:02  Assimilator  
  22  3:05  Probe  
  24  3:13  Probe  
  24  3:14  Probe  
  24  3:18  Zealot  
  28  3:26  Probe  
  29  3:43  Photon Cannon  
  29  3:48  Photon Cannon  
  29  3:54  Photon Cannon  
  29  3:59  Pylon  
  29  4:04  Probe  
  29  4:08  Pylon  
  30  4:16  Probe  
  31  4:22  Photon Cannon  
  31  4:23  Photon Cannon  
  31  4:29  Probe  
  32  4:31  Photon Cannon  
  32  4:41  Probe  
  33  4:54  Photon Cannon  
  33  4:56  Photon Cannon  
  33  5:12  Photon Cannon  
  33  5:20  Photon Cannon  
  33  5:21  Photon Cannon  
  33  5:23  Photon Cannon  
  33  5:25  Photon Cannon  
  33  5:29  Assimilator  
  33  5:31  Assimilator  
  33  5:33  Probe  
Tags
 
Add a new tag
Caveats
  • Supply blocks, unpowered buildings, or Contaminate may cause inaccurate times.
  • Supply counts are checked every 10 seconds.